 Dungeon Crawl Stone Soup version 0.19.5 (webtiles) character file.

463 Popol the Ruffian (level 6, -2/59 HPs)
             Began as a Troll Fighter on May 5, 2017.
             Slain by a river rat (3 damage)
             ... summoned by Eustachio
             ... on level 4 of the Dungeon.
             The game lasted 00:24:24 (2057 turns).

Popol the Ruffian (Troll Fighter)                   Turns: 2057, Time: 00:24:24

Health: -2/59      AC:  5    Str: 25    XL:     6   Next: 79%
Magic:  5/5        EV:  9    Int:  4    God:
Gold:   104        SH:  9    Dex: 11    Spells: 0 memorised, 5 levels left

rFire  + . .     SeeInvis .       - Unarmed
rCold  + . .     Gourm    +     a - +0 robe
rNeg   . . .     Faith    .     b - +0 shield
rPois  +         Spirit   .     (helmet restricted)
rElec  +         Reflect  .     (no cloak)
rCorr  +         Harm     .     (gloves unavailable)
MR     .....                    (boots unavailable)
Stlth  +.........               (no amulet)
                                (no ring)
                                (no ring)

@: resistant
A: unfitting armour, claws 3, fast metabolism 3, gourmand, regeneration 1,
shaggy fur 1, tough skin 2
a: no special abilities


You were on level 4 of the Dungeon.
You were not hungry.

You visited 1 branch of the dungeon, and saw 4 of its levels.

You collected 104 gold pieces.

Inventory:

Hand Weapons
 c - a +0 dagger
 d - a +0 giant spiked club
 e - a +1 whip
 h - a +1 dagger of flaming
 k - a +0 club
 l - a cursed +0 short sword
 m - a +0 dagger
 n - a +0 hunting sling
 t - a +0 mace
 u - a +0 spear
 z - a +1 flail of holy wrath
 C - a +0 trident
 D - a +0 falchion
Missiles
 i - 48 stones (quivered)
 v - a throwing net
 x - 9 poisoned needles
Armour
 a - a +0 robe (worn)
 b - a +0 shield (worn)
 f - a +0 robe
 j - a +0 pair of gloves
 p - a +0 ring mail
 s - a cursed +0 chain mail
 y - a +0 leather armour
 B - a +0 robe
Scrolls
 o - a scroll of recharging
 E - a scroll of remove curse
 F - a scroll of immolation {unknown}
Potions
 q - a potion of berserk rage {unknown}
 r - a potion of flight {unknown}
 w - a potion of cancellation
Comestibles
 A - a meat ration


   Skills:
 + Level 2.8 Fighting
 + Level 0.1 Maces & Flails
 + Level 4.1 Dodging
 + Level 0.1 Stealth
 + Level 4.0 Shields
 + Level 4.3 Unarmed Combat


You had 5 spell levels left.
You didn't know any spells.

Dungeon Overview and Level Annotations

Branches:
Dungeon (4/15)
 Temple: D:4-7

Altars:
Ashenzari
Makhleb
Uskayaw

Annotations:
D:4 Eustachio


Innate Abilities, Weirdness & Mutations

You are too large for most types of armour.
You have claws for hands.
Your metabolism is lightning-fast.
You like to eat raw meat.
Your natural rate of healing is unusually fast.
You are covered in fur. (AC +1)
You have very tough skin. (AC +2)


Message History

You block the quokka's attack. The river rat barely misses you.
You claw the quokka!
You kill the quokka!
The quokka's corpse disappears in a puff of smoke!
The bat closely misses you. You block the bat's attack.
The river rat bites you.
* * * LOW HITPOINT WARNING * * *
The river rat bites you.
* * * LOW HITPOINT WARNING * * *
Unknown command.
It was a potion of cancellation.
You feel magically purged. The bat hits you but does no damage.
The bat barely misses you. The river rat barely misses you.
The river rat bites you.
* * * LOW HITPOINT WARNING * * *
It was a potion of resistance.
You feel protected. You block the bat's attack. x2
Eustachio mumbles some strange words.
Eustachio blinks!
The river rat bites you.
You die...

....####S.....#
#. .. #.#+####.
... #........ ..
....... ..
.....# . #.
#...#.# ..
#.#.#..b#.#....
#.....r@ยง......
.
###.###r#'####.
. #..........#.
. ###..........
.< #............
.. #............
.. #............
. #...........
.# ###........
...


You could see 2 river rats and a bat.

Vanquished Creatures
  A wyvern (D:4)
  An ogre (D:4)
  A hound (D:4)
  A worker ant (D:4)
  An orc wizard (D:4)
  4 gnolls (D:3)
  6 adders
  An ooze (D:3)
  A worm (D:2)
  2 dart slugs
  5 orcs
  5 giant cockroaches
  A goblin (D:3)
  6 hobgoblins
  7 jackals
  A quokka (D:3)
  A ball python (D:4)
  3 bats
  A frilled lizard (D:2)
  2 kobolds
  A leopard gecko skeleton (D:4)
  3 rats
55 creatures vanquished.

Notes
Turn   | Place    | Note
-------+----------+-------------------------------------------
     0 | D:1      | Popol the Troll Fighter began the quest for the Orb.
     0 | D:1      | Reached XP level 1. HP: 22/22 MP: 0/0
   202 | D:2      | Found a hide-covered altar of Uskayaw.
   202 | D:2      | Noticed a hand axe
   202 | D:2      | Noticed a dagger
   294 | D:2      | Reached XP level 2. HP: 17/29 MP: 1/1
   587 | D:1      | Reached XP level 3. HP: 27/36 MP: 2/2
   772 | D:1      | Found a shattered altar of Ashenzari.
   980 | D:3      | Found a burning altar of Makhleb.
  1139 | D:3      | Reached XP level 4. HP: 33/44 MP: 3/3
  1334 | D:4      | Found a sand-covered staircase.
  1387 | D:4      | Reached XP level 5. HP: 50/50 MP: 4/4
  1388 | D:4      | Noticed an ogre
  1398 | D:4      | Killed an ogre
  1524 | D:4      | Reached XP level 6. HP: 27/59 MP: 5/5
  1640 | D:4      | Noticed a wyvern
  1661 | D:4      | Killed a wyvern
  2019 | D:4      | Noticed Eustachio
  2056 | D:4      | HP: 1/59 [river rat[Eustachio] (3)]
  2057 | D:4      | Slain by a river rat

Skill      XL: |  1  2  3  4  5  6 |
---------------+-------------------+-----
Shields        | 3 4 |  4.0
Dodging        | 3 4 |  4.1
Unarmed Combat | 3 4 |  4.3
Fighting       | |  2.8
Maces & Flails | |  0.1
Stealth        | |  0.1

Action                   |  1- 3 |  4- 6 || total
-------------------------+-------+-------++-------
Melee: Unarmed           |    92 |   100 ||   192
       Whip              |    47 |       ||    47
       Dagger            |       |    10 ||    10
  Use: Scroll            |     5 |     1 ||     6
       Potion            |     2 |     3 ||     5
  Eat: Bread ration      |     2 |     2 ||     4
Armor: Robe              |   100 |    32 ||   132
Dodge: Dodged            |   100 |    51 ||   151
Block: Shield            |   124 |    81 ||   205
